 Dungeon Crawl Stone Soup version 0.27.1 (webtiles) character file.

Game seed: 10829313017142145721

199 Malachi the Skirmisher (level 5, -5/44 HPs)
             Began as a Palentonga Fighter on Aug 24, 2021.
             Was a Believer of Zin.
             Slain by a gnoll (7 damage)
             ... on level 3 of the Dungeon.
             The game lasted 00:02:40 (2419 turns).

Malachi the Skirmisher (Palentonga Fighter)         Turns: 2419, Time: 00:02:40

Health: -5/44      AC:  9    Str: 20    XL:     5   Next: 48%
Magic:  6/6        EV:  5    Int:  9    God:    Zin [**....]
Gold:   86         SH:  8    Dex:  9    Spells: 4/4 levels left

rFire    + . .     SeeInvis +   a - +0 war axe
rCold    . . .     Faith    .   c - +0 kite shield
rNeg     . . .     Spirit   .   b - +0 scale mail
rPois    .         Reflect  .   f - +1 helmet
rElec    .         Harm     .   (no cloak)
rCorr    .         Rampage  .   (no gloves)
Will     .....                  (no barding)
Stlth    ..........             h - amulet of magic regeneration
HPRegen  0.14/turn              e - ring of protection from fire
MPRegen  0.35/turn              (no ring)

@: mighty
A: large, rugged brown scales 3, see invisible, deformed body, roll 1, armoured
tail
a: Rolling Charge, Renounce Religion, Recite, Vitalisation, Donate Gold


You were on level 3 of the Dungeon.
You worshipped Zin.
Zin was pleased with you.
You visited 1 branch of the dungeon, and saw 3 of its levels.

You collected 95 gold pieces.
You donated 9 gold pieces to Zin.

Inventory:

Hand Weapons
 a - a +0 war axe (weapon)
Armour
 b - a +0 scale mail (worn)
 c - a +0 kite shield (worn)
 f - a +1 helmet (worn)
Jewellery
 e - a ring of protection from fire (left hand)
 h - an amulet of magic regeneration (around neck)
Wands
 k - a wand of mindburst (14)
Scrolls
 i - a scroll of magic mapping
 j - a scroll of identify
Potions
 g - a potion of attraction


   Skills:
 + Level 3.8 Fighting
 + Level 3.3 Axes
 + Level 3.3 Armour
 - Level 0.4 Dodging
 + Level 2.9 Shields
 * Level 1.6 Invocations


You had 4 spell levels left.
You didn't know any spells.
Your spell library contained the following spells:

 Spells                   Type           Power      Damage    Failure   Level
 Summon Small Mammal      Summ           0%         N/A       99%         1
 Passwall                 Tmut/Erth      0%         N/A       100%        2
 Call Canine Familiar     Summ           0%         N/A       100%        3
 Conjure Flame            Conj/Fire      0%         6-21      100%        3
 Ignite Poison            Fire/Tmut/Pois 0%         N/A       100%        3
 Summon Guardian Golem    Hex/Summ       0%         N/A       100%        3
 Swiftness                Air            0%         N/A       100%        3
 Sticky Flame             Conj/Fire      0%         2d3       100%        4
 Invisibility             Hex            0%         N/A       100%        6


Dungeon Overview and Level Annotations

Branches:
Dungeon (3/15)

Altars:
Zin

Shops:
D:1 ?


Innate Abilities, Weirdness & Mutations

You are completely covered in rugged brown scales. (AC +3, +7% HP)
You have supernaturally acute eyesight. (SInv)
Armour fits poorly on your strangely shaped body.
You can roll at nearby foes to attack.
You have a long armoured tail.


Message History

The gnoll hits you but does no damage.
You closely miss the gnoll. You hit the endoplasm. The endoplasm freezes you.
You are frozen.
The gnoll hits you from afar with a +0 spear.
You block the gnoll's attack. The endoplasm hits you.
You slash the endoplasm!
You kill the endoplasm!
You hit the quokka.
You kill the quokka!
You slash the gnoll!
The gnoll hits you from afar with a +0 spear.
The gnoll hits you but does no damage. x5
You barely miss the gnoll.
The gnoll is heavily wounded.
You block the gnoll's attack. The gnoll hits you with a +0 club.
The gnoll hits you but does no damage. You block the gnoll's attack.
Unknown command.
Your shield and scale mail prevent you from hitting the gnoll.
The gnoll is heavily wounded.
The gnoll hits you with a +0 club. The gnoll barely misses you.
The gnoll hits you from afar with a +0 spear.
You block the gnoll's attack.
The gnoll hits you from afar with a +0 spear!
* * * LOW HITPOINT WARNING * * *
You are too injured to fight recklessly!
Unknown command.
You are too injured to fight recklessly!
Unknown command.
You are too injured to fight recklessly!
The gnoll hits you but does no damage.
Your scale mail prevents you from hitting the gnoll.
The gnoll is heavily wounded.
The gnoll hits you from afar with a +0 spear.
* * * LOW HITPOINT WARNING * * *
You block the gnoll's attack. The gnoll hits you but does no damage.
The gnoll hits you with a +0 club.
* * * LOW HITPOINT WARNING * * *
The gnoll hits you with a +0 club!
You die...

.....................
.....................
#...###...###...###..
#... #...# #...#
#...###...###...#
..................
...................
.!..................
#...###.@.###...###.
#... #g..# ...#
#...###.gg###...#
................
......"........
.......).......
...###...###... ...
#)..# ... .. #...# ..


You could see 3 gnolls.

Vanquished Creatures
  A phantom (D:2)
  Robin (D:2)
  4 adders
  A gnoll (D:3)
  A worm (D:2)
  3 dart slugs
  An orc (D:3)
  4 ball pythons
  5 endoplasms
  A giant cockroach (D:2)
  8 goblins
  6 hobgoblins
  6 quokkas
  5 bats
  4 frilled lizards
  6 kobolds
57 creatures vanquished.

Notes
Turn   | Place    | Note
-------+----------+-------------------------------------------
     0 | D:1      | Malachi the Palentonga Fighter began the quest for the Orb.
     0 | D:1      | Reached XP level 1. HP: 19/19 MP: 1/1
     7 | D:1      | Found Fucrael's Magic Scroll Shoppe.
   131 | D:1      | Reached XP level 2. HP: 19/25 MP: 2/2
   434 | D:1      | Found a faded altar of an unknown god.
   498 | D:1      | Became a worshipper of Zin the Law-Giver
   498 | D:1      | Reached * piety under Zin
   976 | D:2      | Reached XP level 3. HP: 22/31 MP: 3/3
  1227 | D:2      | Noticed Robin
  1235 | D:2      | Killed Robin
  1417 | D:2      | Reached XP level 4. HP: 37/38 MP: 4/4
  1433 | D:2      | Noticed a phantom
  1453 | D:2      | Killed a phantom
  1454 | D:2      | Reached skill level 1 in Invocations
  1454 | D:2      | Reached XP level 5. HP: 10/44 MP: 5/5
  1733 | D:2      | Reached ** piety under Zin
  2418 | D:3      | HP: 2/44 [gnoll (6)]
  2419 | D:3      | Slain by a gnoll

Illustrated notes

Levels and vault maps discovered:
D:1:      roderic_crossed_star, layout_basic, serial_shops, shop,
          shapermc_ecumenical_altar_starsandcircs, minivault_23,
          minmay_pentomino_p2
D:2:      layout_basic, kennysheep_generic_room_11, uniq_robin
D:3:      layout_loops_ring, kennysheep_boxes

Skill      XL: |  1  2  3  4 |
---------------+-------------+-----
Armour         | 3 |  3.3
Axes           | 3 |  3.3
Invocations    | 1 |  1.6
Fighting       | |  3.8
Dodging        | |  0.4
Shields        | |  2.9

Action                   |  1- 3 |  4- 6 || total
-------------------------+-------+-------++-------
Melee: War axe           |    62 |    53 ||   115
       Tailslap          |     9 |     2 ||    11
 Abil: Rolling Charge    |     4 |       ||     4
  Use: Scroll            |     2 |       ||     2
       Potion            |       |     4 ||     4
Armor: Scale mail        |    28 |    35 ||    63
       Skin              |       |    14 ||    14
Dodge: Dodged            |    14 |    18 ||    32
Block: Kite shield       |    42 |    40 ||    82
